Map: Shrines of Lizul

Players

Musumeci - Winner!

  • Race: Zerg Zerg
  • League: Diamond
  • Spawn Location: 9:00

MichyMoko - Winner!

  • Race: Zerg Zerg
  • Spawn Location: 6:00

SharkyIzrod

  • Race: Zerg Zerg
  • League: Master
  • Spawn Location: 3:00

LazyIzrod

  • Race: Zerg Zerg
  • Spawn Location: 12:00

VOD

Have the link to the VOD?

Description

Time

  • Played on: Feb. 19, 2017, 10:01 a.m.
  • Length: 13:40
Show
View Real Time Build Order
Export as new Build Order

Musumeci Zerg - Winner!

Build Orders: Hatch First 

Get SALT Encoding   

  12  0:01  Drone  
  13  0:08  Drone  
  14  0:16  Drone, Extractor  
  15  0:41  Hatchery  
  14  0:56  Spawning Pool  
  13  1:00  Extractor  
  12  1:11  Drone  
  12  1:12  Drone  
  13  1:26  Overlord  
  13  1:40  Drone  
  13  1:45  Zergling x4  
  16  1:49  Queen  
  18  1:55  Drone  
  19  2:04  Metabolic Boost  
  19  2:09  Zergling x2  
  20  2:20  Drone x2  
  22  2:23  Drone  
  23  2:32  Baneling Nest  
  21  2:46  Zergling x4  
  21  2:50  Drone x2  
  25  2:51  Drone  
  26  3:10  Overlord  
  26  3:21  Baneling  
  26  3:23  Baneling  
  26  3:24  Baneling  
  26  3:26  Baneling  
  26  3:27  Baneling  
  26  3:28  Zergling x12  
  26  3:30  Baneling  
  26  3:31  Baneling  
  28  4:17  Zergling x18  
  31  4:40  Zergling x8  
  35  4:47  Overlord  
  31  5:13  Zergling x4  
  31  5:14  Zergling x12  
  31  5:26  Zergling x4  
  32  5:36  Queen, Zergling x4  
  36  5:46  Hatchery  
  35  5:54  Zergling x8  
  37  6:02  Zergling x2  
  37  6:03  Zergling x2  
  32  6:27  Zergling x4  
  32  6:28  Zergling x6  
  35  6:50  Zergling x12  
  35  6:51  Evolution Chamber, Zergling x2  
  39  7:11  Zergling x10  
  41  7:29  Zergling x2  
  42  7:30  Zergling x14  
  38  8:56  Zergling x10  
  38  8:57  Zergling x8  
  30  9:32  Queen x3  
  30  9:35  Spore Crawler  
  30  9:36  Spore Crawler  
  31  9:38  Spore Crawler  
  31  9:39  Spore Crawler  
  31  9:41  Spore Crawler  
  31  9:42  Zergling x18  
  36  10:08  Queen  
  36  10:12  Queen x2  
  39  10:28  Zergling x10  
  39  10:29  Zergling x14  
  50  10:44  Overlord x2  
  50  10:47  Overlord x2  
  49  11:02  Queen  
  34  11:35  Zergling x22  
  33  12:24  Zergling x20  
  33  12:25  Zergling x2  
  42  12:34  Drone x2  
  44  13:07  Zergling x12  
  44  13:08  Zergling x6  
Show
View Real Time Build Order
Export as new Build Order

MichyMoko Zerg - Winner!

Build Orders: Hatch First 

Get SALT Encoding   

  12  0:02  Drone  
  13  0:17  Overlord  
  13  0:19  Drone  
  14  0:35  Drone x2  
  16  0:40  Drone  
  17  0:59  Drone  
  18  1:04  Hatchery  
  17  1:16  Spawning Pool  
  16  1:23  Drone  
  16  1:24  Drone  
  18  1:28  Extractor  
  17  1:40  Drone x2  
  19  1:54  Drone  
  20  2:01  Drone  
  21  2:15  Queen  
  21  2:17  Queen  
  21  2:18  Overlord  
  21  2:19  Zergling x4  
  27  2:29  Drone  
  28  2:36  Overlord  
  28  2:44  Drone  
  28  2:45  Drone  
  30  3:26  Metabolic Boost  
  30  3:31  Queen, Roach Warren  
  30  3:34  Drone x6  
  35  4:06  Extractor  
  34  4:11  Drone x4  
  34  4:13  Roach  
  34  4:14  Roach x2  
  34  4:15  Overlord x3  
  44  4:24  Lair  
  44  4:31  Extractor  
  44  4:32  Drone  
  44  4:33  Drone x3, Extractor  
  44  4:36  Roach x3  
  52  4:40  Roach  
  52  4:45  Roach x2  
  58  4:52  Roach  
  60  4:56  Zergling x4  
  62  5:07  Roach x2  
  61  5:36  Roach  
  61  5:37  Roach x2  
  67  5:43  Overlord x3  
  67  5:44  Overlord  
  67  5:51  Evolution Chamber  
  67  5:56  Evolution Chamber  
  56  6:11  Roach  
  56  6:12  Roach x8  
  56  6:13  Roach x3  
  56  6:16  Ravager  
  56  6:17  Ravager  
  82  6:23  Glial Reconstitution  
  82  6:39  Hatchery  
  81  6:50  Ravager  
  81  6:51  Ravager  
  81  6:52  Ravager  
  81  6:53  Roach  
  86  7:22  Roach  
  88  7:23  Roach x6  
  88  7:26  Overlord x5  
  100  7:31  Zerg Missile Weapons Level 1  
  93  8:35  Roach x5  
  93  8:36  Roach x5  
  103  9:50  Queen  
  103  9:51  Queen  
  101  9:53  Spore Crawler  
  101  9:56  Spore Crawler  
  55  10:42  Hydralisk Den  
  55  10:43  Zerg Missile Weapons Level 2  
  55  10:45  Zerg Ground Armor Level 1  
  52  11:11  Hydralisk x3  
  52  11:12  Hydralisk x4  
  52  11:13  Hydralisk x8  
  52  11:17  Muscular Augments  
  72  11:51  Drone  
  72  11:52  Drone x5  
  78  11:54  Hydralisk  
  78  11:55  Hydralisk x5  
  90  12:17  Hydralisk  
  90  12:18  Hydralisk x9  
  110  12:28  Roach  
  110  12:29  Roach x3  
  114  12:44  Hydralisk x2  
Show
View Real Time Build Order
Export as new Build Order

SharkyIzrod Zerg 

Build Orders: Hatch First 

Get SALT Encoding   

  12  0:01  Drone  
  13  0:12  Overlord  
  13  0:18  Drone  
  14  0:31  Drone x2  
  16  0:52  Hatchery  
  16  0:55  Drone  
  16  1:08  Spawning Pool  
  15  1:17  Drone, Extractor  
  15  1:23  Drone  
  16  1:41  Drone x3  
  19  1:55  Queen  
  21  2:03  Queen  
  23  2:13  Roach Warren  
  23  2:14  Drone, Extractor  
  22  2:19  Zergling x2  
  22  2:21  Zergling x2  
  24  2:25  Zergling x2  
  24  2:27  Zergling x2  
  26  2:41  Metabolic Boost  
  26  2:53  Roach  
  26  2:54  Overlord  
  28  3:20  Roach x3  
  28  3:21  Roach  
  36  3:41  Lair  
  32  4:03  Roach  
  30  4:20  Roach x3  
  30  4:21  Roach  
  33  4:25  Drone  
  32  4:40  Queen  
  35  4:45  Drone  
  35  4:48  Drone  
  36  5:18  Overlord  
  36  5:27  Queen  
  36  5:37  Drone x6  
  42  5:43  Ravager  
  42  5:46  Ravager  
  40  6:24  Queen  
  39  6:28  Drone x4  
  39  6:29  Drone  
  44  6:51  Spine Crawler  
  43  6:55  Overlord  
  43  6:56  Evolution Chamber  
  43  6:58  Roach  
  44  7:07  Queen  
  43  7:19  Spire  
  43  7:22  Spine Crawler, Drone x3  
  44  7:31  Drone x3  
  38  7:53  Overlord  
  38  8:31  Mutalisk x4  
  46  8:44  Queen, Mutalisk x3  
  54  8:55  Overlord  
  37  9:28  Mutalisk x3  
  24  9:46  Drone  
Show
View Real Time Build Order
Export as new Build Order

LazyIzrod Zerg 

Build Orders: Pool First 

Get SALT Encoding   

  12  0:02  Drone  
  13  0:08  Drone  
  14  0:16  Drone, Extractor  
  15  0:33  Spawning Pool  
  14  0:40  Overlord  
  14  0:53  Extractor  
  14  0:55  Drone  
  14  1:00  Drone x2  
  16  1:19  Queen  
  18  1:28  Drone x3  
  18  1:32  Extractor  
  20  1:48  Overlord  
  20  2:16  Hatchery  
  20  2:18  Roach Warren  
  20  2:19  Drone  
  20  2:20  Drone x2  
  21  2:27  Lair  
  21  2:37  Spine Crawler  
  20  2:39  Zergling x2  
  21  2:57  Drone  
  22  3:08  Roach x2  
  26  3:23  Roach  
  28  3:46  Hatchery  
  26  3:59  Roach x4  
  34  4:03  Overlord  
  34  4:21  Queen  
  36  4:49  Roach  
  36  4:50  Roach x2  
  42  4:53  Overlord x2  
  41  5:40  Drone x2  
  41  5:41  Drone  
  44  5:43  Drone  
  44  5:44  Drone x2  
  42  6:24  Drone x2  
  42  6:25  Queen, Drone  
  45  6:32  Roach  
  49  6:33  Roach x3  
  55  6:54  Spine Crawler  
  54  6:57  Spine Crawler  
  29  7:30  Drone  
  29  7:31  Drone x2  
  30  7:37  Roach  
  30  7:38  Roach x2  
  36  7:54  Roach x2  
  36  7:56  Roach  
  42  8:01  Evolution Chamber  
  42  8:05  Roach  
  43  8:09  Roach x3  
  31  8:47  Roach  
  31  8:48  Roach x2  
  34  8:52  Zerg Missile Weapons Level 1  
  31  9:09  Queen  
  31  9:33  Drone  
  31  9:34  Drone x2  
  34  9:40  Spire  
  34  9:45  Ravager  
  34  10:32  Roach x4  
  42  10:40  Spore Crawler  
  41  10:51  Spine Crawler  
  40  10:58  Hydralisk Den  
  30  11:36  Hatchery  
  27  11:42  Hydralisk x3  
  33  11:49  Muscular Augments  
  33  11:53  Queen  
  33  12:30  Drone  
  33  12:31  Drone  
  33  12:32  Drone  
  36  12:38  Hydralisk x3  
  42  12:59  Hydralisk  
Tags
 
Add a new tag
Caveats
  • Supply blocks, unpowered buildings, or Contaminate may cause inaccurate times.
  • Supply counts are checked every 10 seconds.